 Dungeon Crawl Stone Soup version 0.31-a0-691-g409c26aa35 (webtiles) character file.

Game seed: 9196729551188705927

676 qw the Shooter (level 7, -2/43 HPs)
             Began as a Gargoyle Hunter on Sept 6, 2023.
             Slain by a black bear (3 damage)
             ... on level 5 of the Dungeon.
             The game lasted 00:01:10 (3736 turns).

qw the Shooter (Gargoyle Hunter)                    Turns: 3736, Time: 00:01:11

Health: -2/43      AC: 13    Str: 14    XL:     7   Next: 59%
Magic:  7/7        EV: 11    Int: 10    God:
Gold:   380        SH:  0    Dex: 15    Spells: 6/6 levels left

rFire   . . .        Y - +3 hand cannon (freeze)
rCold   . . .        (no shield)
rNeg    + . .        i - +0 ring mail
rPois   inf          (no helmet)
rElec   +            (no cloak)
rCorr   .            k - +1 pair of gloves {infuse}
SInv    .            b - +0 pair of boots
Will    .....        (no amulet)
Stlth   +            (no ring)
HPRegen 0.27/turn    (no ring)
MPRegen 0.10/turn

%: infuse magic (1 MP)
@: about to teleport
A: sickness immunity, AC +4, negative energy resistance 1, electricity
resistance, torment resistance 1, petrification resistance
a: no special abilities


You were on level 5 of the Dungeon.
You visited 1 branch of the dungeon, and saw 5 of its levels.

You collected 380 gold pieces.


Innate Abilities, Weirdness & Mutations

You are immune to sickness and miasma.
Your stone body is resilient. (AC +4)
You are immune to poison.
You resist negative energy. (rN+)
You are resistant to electric shocks. (rElec)
You are resistant to unholy torment.
You are immune to petrification.


   Skills:
 - Level 4.2 Fighting
 + Level 7.9 Ranged Weapons
 - Level 2.5 Armour
 - Level 1.5 Dodging
 - Level 1.1 Stealth


You had 6 spell levels left.
You didn't know any spells.
Your spell library was empty.

Inventory:

Hand Weapons
 Y - a +3 hand cannon of freezing (weapon)
Armour
 b - a +0 pair of boots (worn)
 i - a +0 ring mail (worn)
 k - a +1 pair of gloves of infusion (worn)
Wands
 e - a wand of digging (5)
Scrolls
 d - a scroll of blinking {unknown}
 g - a scroll of teleportation
 j - a scroll of identify
Potions
 a - 2 potions of heal wounds
 c - a potion of ambrosia {unknown}
 h - a potion of resistance
 n - a potion of haste

Dungeon Overview and Level Annotations

Branches:
Dungeon (5/15)
 Temple: D:4-7

Altars:

Shops:
D:1 =   D:5 :

Annotations:
D:5 2 runed translucent doors, Crazy Yiuf; qw's ghost, amateur MiHs


Message History

The black bear bites you but does no damage.
The black bear closely misses you.
The black bear claws you but does no damage.
You shoot a bolt.
The bolt hits the black bear but does no damage.
The black bear is almost dead.
The black bear bites you!
The black bear claws you but does no damage.
The black bear claws you. The black bear bites you. The black bear claws you.
The black bear claws you but does no damage.
You shoot a bolt.
The bolt hits the black bear but does no damage.
The black bear is almost dead.
The black bear bites you.
The black bear claws you but does no damage.
The black bear claws you. The black bear closely misses you.
The black bear claws you. x2; The black bear misses you.
The black bear completely misses you.
The black bear claws you but does no damage.
You shoot a bolt. The bolt closely misses the black bear.
The black bear bites you.
The black bear claws you but does no damage. x2
The black bear bites you. The black bear barely misses you. x2
You shoot a bolt.
The bolt hits the black bear but does no damage.
The black bear is almost dead.
The black bear bites you.
The black bear claws you but does no damage.
The black bear barely misses you.
The black bear bites you but does no damage.
The black bear claws you but does no damage.
The black bear closely misses you.
3736 ||| READING 2 scrolls of teleportation.
As you read the scroll of teleportation, it crumbles to dust.
You feel strangely unstable. The black bear bites you.
The black bear claws you but does no damage.
The black bear claws you. The black bear closely misses you.
The black bear claws you.
You die...

#........# ##.#.....#..
#>.###..####..#....##..
#.........#............
##................#....
#...##....#......##...
#...##....##..........
##..##....##.....#....
#..¤¤....##.....##...
##.¤@¤¤........#.#...
###h.¤..###+##......
.¤###.##.).#......
........#787#...... .
###......#####..###. ..
#........##.......
....#......#.##.##.#..
#...........#..##.#..
##..........#..#.....


You could see a black bear (berserk).

Vanquished Creatures
  2 black bears (D:4)
  An ogre (D:5)
  2 orc priests
  An iguana (D:4)
  Natasha (thrice) (D:2)
  3 orc wizards
  9 adders
  An ufetubus (D:5)
  3 worms (D:2)
  A dart slug (D:2)
  11 orcs
  A bat (D:1)
  4 endoplasms
  A giant cockroach (D:2)
  7 hobgoblins
  5 jackals
  9 kobolds
  A quokka (D:1)
  8 ball pythons
  4 frilled lizards
  8 goblins
  2 rats (D:1)
87 creatures vanquished.

Notes
Turn   | Place    | Note
-------+----------+-------------------------------------------
     0 | D:1      | qw the Gargoyle Hunter began the quest for the Orb.
     0 | D:1      | Reached XP level 1. HP: 12/12 MP: 1/1
     0 | D:1      | 0 ||| qw: Version: 0.3-a-76-g4403597
     0 | D:1      | 0 ||| qw: Game counter: 10
     0 | D:1      | 0 ||| qw: Melee chars always use a shield: true
     0 | D:1      | 0 ||| qw: God list: Okawaru
     0 | D:1      | 0 ||| qw: Allow faded altars: false
     0 | D:1      | 0 ||| qw: Do Orc after clearing Dungeon:15 true
     0 | D:1      | 0 ||| qw: Do second Lair branch before Depths: true
     0 | D:1      | 0 ||| qw: Lair rune preference: random
     0 | D:1      | 0 ||| qw: Goals: Normal
     0 | D:1      | 0 ||| PLANNING D:1-11
   119 | D:1      | Reached XP level 2. HP: 17/17 MP: 2/2
   464 | D:1      | Found Loptytao's Jewellery Emporium.
   471 | D:1      | 471 ||| SHOPLISTING +5 ring of evasion (396 gold, have 68).
   471 | D:1      | 471 ||| SHOPLISTING ring "Kioxihi" {Contam +Blink rElec rF+
                  | Dex+6} (642 gold, have 68).
   471 | D:1      | 471 ||| SHOPLISTING ring of fire (275 gold, have 68).
   471 | D:1      | 471 ||| SHOPLISTING ring of positive energy (220 gold, have
                  | 68).
   471 | D:1      | 471 ||| SHOPLISTING ring of protection from fire (275 gold,
                  | have 68).
   471 | D:1      | 471 ||| SHOPLISTING ring of resist corrosion (220 gold,
                  | have 68).
   471 | D:1      | 471 ||| SHOPLISTING ring of willpower (275 gold, have 68).
   932 | D:1      | You fall into a shaft and drop 1 floor!
   944 | D:2      | Reached skill level 5 in Ranged Weapons
   944 | D:2      | Reached XP level 3. HP: 21/21 MP: 3/3
   973 | D:2      | Noticed Natasha
   977 | D:2      | 977 ||| Stepping ~*~*~tactically~*~*~ (retreating).
   978 | D:2      | 978 ||| Stepping ~*~*~tactically~*~*~ (outnumbered).
   984 | D:2      | Killed Natasha
   985 | D:2      | Reached skill level 3 in Fighting
   985 | D:2      | Reached XP level 4. HP: 18/28 MP: 4/4
  1194 | D:2      | 1194 ||| UPGRADING to +0 ring mail.
  1204 | D:2      | 1204 ||| DROPPING +0 leather armour.
  1205 | D:2      | 1205 ||| UPGRADING to +0 pair of gloves of infusion.
  1210 | D:2      | 1210 ||| READING scroll labelled UXIXUA OBRAIP.
  1211 | D:2      | 1211 ||| READING scroll labelled CAYSKOGESA.
  1212 | D:2      | 1212 ||| READING scroll labelled NEOMUO COYLL.
  1213 | D:2      | 1213 ||| READING scroll labelled QUTUWN UNWEJ.
  1214 | D:2      | 1214 ||| READING 2 scrolls labelled ALOAWK RANUER.
  1215 | D:2      | 1215 ||| DRINKING 2 bubbling amethyst potions.
  1216 | D:2      | 1216 ||| DROPPING scroll of butterflies.
  1257 | D:1      | 1257 ||| READING scroll of enchant armour.
  1257 | D:1      | 1257 ||| ENCHANTING +0 pair of gloves of infusion.
  1435 | D:2      | Reached skill level 1 in Armour
  1554 | D:2      | 1554 ||| SWAPPING to +2 hand cannon of freezing.
  1555 | D:2      | 1555 ||| DROPPING +0 shortbow.
  1685 | D:2      | Noticed Natasha
  1692 | D:2      | 1692 ||| Stepping ~*~*~tactically~*~*~ (retreating).
  1693 | D:2      | 1693 ||| Stepping ~*~*~tactically~*~*~ (retreating).
  1694 | D:2      | 1694 ||| Stepping ~*~*~tactically~*~*~ (retreating).
  1695 | D:2      | Killed Natasha
  1696 | D:2      | Reached XP level 5. HP: 27/32 MP: 5/5
  1699 | D:2      | 1699 ||| FLEEEEING.
  1700 | D:2      | 1700 ||| FLEEEEING.
  1701 | D:2      | 1701 ||| FLEEEEING.
  1760 | D:2      | Reached skill level 6 in Ranged Weapons
  1860 | D:2      | Noticed Natasha
  1864 | D:2      | Killed Natasha
  1905 | D:2      | 1905 ||| DRINKING 3 black potions.
  1906 | D:2      | 1906 ||| DRINKING 2 clear potions.
  1919 | D:3      | 1919 ||| STAIRDANCE
  1925 | D:3      | 1925 ||| STAIRDANCE
  2193 | D:3      | Reached XP level 6. HP: 38/38 MP: 6/6
  2540 | D:3      | 2540 ||| READING scroll labelled DOSYMN RYISA.
  2568 | D:3      | 2568 ||| READING scroll labelled FUEPHE COXIGUR.
  2569 | D:3      | 2569 ||| READING 2 scrolls labelled YNKEJU PIRIROE.
  2573 | D:3      | 2573 ||| READING scroll labelled WIONIMPURE.
  2574 | D:3      | 2574 ||| DRINKING 2 fizzy emerald potions.
  2649 | D:4      | 2649 ||| Stepping ~*~*~tactically~*~*~ (outnumbered).
  2651 | D:4      | 2651 ||| FLEEEEING.
  2652 | D:4      | 2652 ||| FLEEEEING.
  2653 | D:4      | 2653 ||| FLEEEEING.
  2654 | D:4      | 2654 ||| FLEEEEING.
  2656 | D:4      | 2656 ||| FLEEEEING.
  2657 | D:4      | 2657 ||| FLEEEEING.
  2658 | D:4      | 2658 ||| STAIRDANCE
  2705 | D:4      | 2705 ||| STAIRDANCE
  2710 | D:4      | 2710 ||| STAIRDANCE
  2712 | D:3      | 2712 ||| DRINKING potion of curing.
  2712 | D:3      | 2712 ||| (to cure confusion)
  2715 | D:4      | 2715 ||| STAIRDANCE
  2728 | D:4      | 2728 ||| STAIRDANCE
  2740 | D:4      | 2740 ||| STAIRDANCE
  3067 | D:4      | Reached skill level 7 in Ranged Weapons
  3158 | D:4      | Noticed a black bear
  3160 | D:4      | Killed a black bear
  3161 | D:4      | Reached XP level 7. HP: 34/43 MP: 7/7
  3431 | D:4      | 3431 ||| UPGRADING to +0 pair of boots.
  3454 | D:5      | Entered Level 5 of the Dungeon
  3634 | D:5      | Found a runed translucent door.
  3635 | D:5      | Noticed Crazy Yiuf
  3682 | D:5      | Found a runed translucent door.
  3682 | D:5      | Noticed qw's ghost (amateur MiHs)
  3693 | D:5      | Found Ruejiropt's Book Shop.
  3735 | D:5      | HP: 9/43 [black bear (5)]
  3736 | D:5      | 3736 ||| READING 2 scrolls of teleportation.
  3736 | D:5      | HP: 4/43 [black bear (5)]
  3736 | D:5      | HP: 1/43 [black bear (3)]
  3736 | D:5      | Slain by a black bear

Levels and vault maps discovered:
D:1:      dpeg_arrival_fog, layout_basic, serial_shops, shop,
          hangedman_abyss_or_decor_stabs, minmay_octomino_j4
D:2:      minmay_diamond_boxcup, layout_basic, hangedman_decor_push,
          grunt_decor_arrowhead, nicolae_elevator_lobby_plus, uniq_natasha
D:3:      layout_basic
D:4:      layout_loops_cross
D:5:      layout_cave_pools, nicolae_overflow_hidden_temple, serial_shops,
          nicolae_lakefront_shop, gammafunk_ghost_grave, uniq_crazy_yiuf_cottage

Skill      XL: |  1  2  3  4  5  6  7 |
---------------+----------------------+-----
Ranged Weapons | 5 6 7 |  7.9
Fighting       | 3 4 |  4.2
Armour         | 1 2 |  2.5
Dodging        | |  1.5
Stealth        | |  1.1

Action                     |  1- 3 |  4- 6 |  7- 9 || total
---------------------------+-------+-------+-------++-------
   Fire: Shortbow          |    58 |    23 |       ||    81
         Hand cannon       |       |   101 |    22 ||   123
    Use: Scroll            |       |    10 |     1 ||    11
         Potion            |       |     5 |       ||     5
 Armour: Leather armour    |    16 |     6 |       ||    22
         Ring mail         |       |    60 |    42 ||   102
  Dodge: Dodged            |    14 |    28 |    16 ||    58

Table legend:
 A = Non-vault XP
 B = Vault XP
 C = Vault XP percentage of total XP
 D = Non-vault monster count
 E = Vault monster count
 F = Vault count percentage of total count
                 A         B        C        D         E       F
            +---------+---------+-------+---------+---------+-------
      Total |     896 |      70 |   7.2 |      75 |      12 |  13.8
            +---------+---------+-------+---------+---------+-------
        D:1 |      27 |       3 |  10.0 |      17 |       3 |  15.0
        D:2 |     163 |      67 |  29.1 |      19 |       9 |  32.1
        D:3 |     111 |       0 |   0.0 |      18 |       0 |   0.0
        D:4 |     455 |       0 |   0.0 |      18 |       0 |   0.0
        D:5 |     140 |       0 |   0.0 |       3 |       0 |   0.0
            +---------+---------+-------+---------+---------+-------
